 Dungeon Crawl Stone Soup version 0.31-a0-803-g95b03c3367 (webtiles) character file.

Game seed: 2130445371865087372

256 Dirtsage the Chopper (level 5, -1/41 HPs)
             Began as a Demonspawn Fighter on Sept 21, 2023.
             Slain by a gnoll
             ... wielding a +0 halberd
              (2 damage)
             ... on level 3 of the Dungeon.
             The game lasted 00:02:33 (1772 turns).

Dirtsage the Chopper (Demonspawn Fighter)           Turns: 1772, Time: 00:02:34

Health: -1/41      AC: 13    Str: 18    XL:     5   Next: 92%
Magic:  5/5        EV:  9    Int:  9    God:
Gold:   86         SH:  4    Dex: 13    Spells: 4/4 levels left

rFire   . . .        e - +0 hand axe
rCold   . . .        c - +0 buckler
rNeg    . . .        b - +0 scale mail
rPois   .            (no helmet)
rElec   .            (no cloak)
rCorr   .            i - +0 pair of gloves
SInv    .            (no boots)
Will    .....        (no amulet) Stlth
                     (no ring)
HPRegen 0.26/turn    (no ring)
MPRegen 0.09/turn

%: no passive effects
@: sanguine armoured
A: foul stench 1, sanguine armour 1
a: no special abilities


You were on level 3 of the Dungeon.
You visited 1 branch of the dungeon, and saw 4 of its levels.

You collected 86 gold pieces.

Inventory:

Hand Weapons
 a - a +0 war axe
 e - a +0 hand axe (weapon)
Armour
 b - a +0 scale mail (worn)
 c - a +0 buckler (worn)
 i - a +0 pair of gloves (worn)
 o - a scarf of harm
Scrolls
 f - a scroll of acquirement {unknown}
 g - 3 scrolls of identify {unknown}
 j - a scroll of butterflies {unknown}
 m - a scroll of enchant armour {unknown}
 n - 2 scrolls of teleportation {unknown}
 p - a scroll of blinking {unknown}
 q - a scroll of amnesia {unknown}
 r - a scroll of enchant weapon {unknown}
Potions
 h - a potion of enlightenment {unknown}
 k - 3 potions of heal wounds {unknown}
 l - 2 potions of lignification {unknown}


   Skills:
 - Level 3.0 Fighting
 + Level 5.7 Axes
 - Level 2.6 Armour
 - Level 2.6 Shields


You had 4 spell levels left.
You didn't know any spells.
Your spell library was empty.

Dungeon Overview and Level Annotations

Branches:
Dungeon (4/15)
 Temple: D:4-7

Altars:
Qazlal
Xom

Shops:
D:3 *


Innate Abilities, Weirdness & Mutations

You may rarely emit foul miasma when damaged in melee.
When seriously injured, your blood forms armour. (AC +6)


Message History

You hit the kobold brigand but do no damage.
You closely miss the gnoll. The gnoll barely misses you. x2
The kobold brigand barely misses you. You block the gnoll's attack.
You closely miss the gnoll.
The gnoll is lightly wounded.
You barely miss the kobold. You hit the gnoll.
You hit the kobold brigand but do no damage.
The gnoll hits you from afar with a +0 halberd.
* * * LOW HITPOINT WARNING * * *
The gnoll closely misses you. The kobold brigand closely misses you.
The kobold hits you but does no damage. The gnoll barely misses you.
The gnoll hits you but does no damage.
The gnoll hits you from afar with a +0 halberd.
* * * LOW HITPOINT WARNING * * *
You take 11 damage, and have 5/41 hp.
MASSIVE DAMAGE!!
You barely miss the gnoll.
The gnoll is lightly wounded.
You hit the kobold brigand. You closely miss the kobold. You hit the gnoll.
The kobold brigand hits you but does no damage.
The kobold hits you but does no damage. The gnoll hits you with a +0 flail.
* * * LOW HITPOINT WARNING * * *
You block the gnoll's attack. x2
You take 1 damage, and have 4/41 hp.
You hit the gnoll.
The gnoll is severely wounded.
You hit the gnoll.
You kill the gnoll!
You closely miss the kobold brigand. You closely miss the kobold.
The kobold brigand hits you with a +0 club.
* * * LOW HITPOINT WARNING * * *
The gnoll hits you but does no damage. x2; The kobold closely misses you.
The kobold brigand hits you but does no damage.
You take 3 damage, and have 1/41 hp.
You barely miss the gnoll.
The gnoll is severely wounded.
You barely miss the kobold brigand. You hit the kobold.
You kill the kobold!
The gnoll barely misses you.
The gnoll hits you from afar with a +0 halberd.
You die...

...# ...
#########''#####
≈≈≈≈≈≈≈~~....~~≈≈
≈~≈~≈≈≈~~....~~≈≈
~~~≈≈~~~.g...~~~≈
..~~~~~..K(..~~.~
........g@)......
..........).....(
#....#.##.#####
####......# #+#
#.###### #.# #.#
..# #.# #.######
#.#
.......######.#


You could see a kobold brigand and 2 gnolls.

Vanquished Creatures
  An ogre (D:4)
  A phantom (D:4)
  2 gnolls (D:3)
  3 adders
  A dart slug (D:2)
  5 ball pythons
  2 bats (D:1)
  2 endoplasms
  3 giant cockroaches
  2 goblins
  4 hobgoblins
  6 quokkas
  3 frilled lizards (D:1)
  7 kobolds
  4 rats (D:1)
46 creatures vanquished.

Notes
Turn   | Place    | Note
-------+----------+-------------------------------------------
     0 | D:1      | Dirtsage the Demonspawn Fighter began the quest for the
                  | Orb.
     0 | D:1      | Reached XP level 1. HP: 18/18 MP: 1/1
    36 | D:1      | Reached skill level 2 in Axes
    89 | D:1      | Gained mutation: You may rarely emit foul miasma when
                  | damaged in melee. [demonic ancestry]
    89 | D:1      | Reached XP level 2. HP: 21/24 MP: 2/2
   491 | D:1      | Reached skill level 3 in Axes
   552 | D:1      | Found a faded altar of an unknown god.
   887 | D:2      | Reached XP level 3. HP: 27/29 MP: 3/3
  1095 | D:2      | You fall into a shaft and drop 2 floors!
  1113 | D:3      | Found a stormy altar of Qazlal.
  1113 | D:3      | Noticed a sky beast
  1159 | D:4      | Noticed a phantom
  1190 | D:4      | Killed a phantom
  1191 | D:4      | Reached skill level 4 in Axes
  1191 | D:4      | Gained mutation: When seriously injured, your blood forms
                  | armour. (AC +6) [demonic ancestry]
  1191 | D:4      | Reached XP level 4. HP: 24/35 MP: 4/4
  1458 | D:4      | Noticed an ogre
  1470 | D:4      | Killed an ogre
  1471 | D:4      | Reached skill level 5 in Axes
  1471 | D:4      | Reached XP level 5. HP: 31/41 MP: 5/5
  1554 | D:4      | Found a shimmering altar of Xom.
  1683 | D:3      | Found Raatou's Assorted Antiques.
  1771 | D:3      | HP: 1/41 [kobold brigand/+0 club (4)]
  1772 | D:3      | Slain by a gnoll

Illustrated notes

Levels and vault maps discovered:
D:1:      tekkud_arrival_beachfront_property, layout_basic,
          dilly_ecumenical_altar_fadedgnrine
D:2:      layout_loops_cross, uniq_natasha
D:3:      minmay_goblin_kobold_castle, layout_loops_corners,
          grunt_dithmenos_smoke, nicolae_qazlal_beasts_of_the_sky, serial_shops,
          nicolae_shop_overgrown_old_shop, chequers_serial_rivers_small_a,
          corexii_item_surrounded_by_moat
D:4:      layout_loops_corners, mainiacjoe_overflow_alcove_1,
          uniq_crazy_yiuf_cottage

Skill      XL: |  1  2  3  4 |
---------------+-------------+-----
Axes           | 2 3 4 5 |  5.7
Fighting       | |  3.0
Armour         | |  2.6
Shields        | |  2.6

Action                     |  1- 3 |  4- 6 || total
---------------------------+-------+-------++-------
  Melee: War axe           |    18 |       ||    18
         Hand axe          |    98 |    66 ||   164
    Use: Potion            |       |     1 ||     1
 Armour: Scale mail        |    79 |    49 ||   128
  Dodge: Dodged            |    39 |    45 ||    84
  Block: Buckler           |    28 |    14 ||    42

Table legend: (Time is in decaauts)
 A = Elapsed time spent in this place.
 B = Non-inter-level travel time spent in this place.
 C = Inter-level travel time spent in this place.
 D = Time resting spent in this place.
 E = Time spent auto-exploring this place.
 F = Levels seen in this place.
 G = Mean time per level.
                   A        B        C        D        E       F      G
               +--------+--------+--------+--------+--------+-----+--------+
         Total |   1805 |   1776 |     29 |     36 |   1366 |   4 |  451.2 |
       Dungeon |   1805 |   1776 |     29 |     36 |   1366 |   4 |  451.2 |
               +--------+--------+--------+--------+--------+-----+--------+

Top non-repeatable levels by time:
     D:1: 854 daAuts
     D:4: 498 daAuts
     D:2: 262 daAuts
     D:3: 189 daAuts
